[Event "GrandPrix_30.05"]
[Site "Chess.com"]
[Date "2020.05.30"]
[Round "8"]
[White "KacperKacprzak"]
[Black "ZEN-22"]
[Result "0-1"]
[WhiteElo "2047"]
[BlackElo "2141"]
[TimeControl "600+2"]
[EndTime "11:43:10 PDT"]
[Termination "ZEN-22 won by resignation"]

1. e4 e5 2. Nf3 d5 3. Nxe5 Bd6 4.
d4 dxe4 5. Nc4 Nc6 6. Be3 f5 7. g3 Nf6 8. Be2 O-O 9. Nxd6 cxd6 10. c4 Kh8 11. Nc3 b6 12. Qd2 Ng4 13. Bxg4 fxg4 14. Nxe4 Bf5 15. Nc3 Nb4 16. O-O Bd3 17. Rfe1 Bxc4 18.
d5 Nd3 19. Red1 Ne5 20. Qc2 Rc8 21. Qe4 Qd7 22. Bf4 Nf3+ 23. Kg2 Rfe8 24. Qc2 Be2 25. Rh1 Nd4 26. Qd2 Bf3+ 27. Kg1 Ne2+ 28. Nxe2 Rxe2 0-1

[Event "GrandPrix_30.05"]
[Site "Chess.com"]
[Date "2020.05.30"]
[Round "8"]
[White "GadimbayliA"]
[Black "Funo09"]
[Result "1/2-1/2"]
[WhiteElo "2590"]
[BlackElo "2711"]
[TimeControl "600+2"]
[EndTime "11:43:15 PDT"]
[Termination "Game drawn by agreement"]

1. e4 c5 2. Nf3 Nf6 3. e5 Nd5 4. Nc3 e6 5. Nxd5 exd5 6. d4 Nc6 7. dxc5 Bxc5 8. Qxd5 Qb6 9. Bc4 Bxf2+ 10. Ke2 O-O 11. Rf1 Bc5 12. Ng5 Nd4+ 13. Kd1 Ne6 14. Ne4 d6 15. exd6 Rd8 16. Qh5 Bxd6 17. Bd3 Bc7 18. Bd2 1/2-1/2

[Event "GrandPrix_30.05"]
[Site "Chess.com"]
[Date "2020.05.30"]
[Round "8"]
[White "Frozygul"]
[Black "grunbergmihai"]
[Result "0-1"]
[WhiteElo "2178"]
[BlackElo "2312"]
[TimeControl "600+2"]
[EndTime "11:43:17 PDT"]
[Termination "grunbergmihai won by resignation"]

1. d4 Nf6 2. c4 g6 3. Nc3 d5 4.
cxd5 Nxd5 5. Bd2 Bg7 6. e4 Nb6 7. Be3 O-O 8. h3 Nc6 9. Nf3 f5 10. d5 fxe4 11. dxc6 Qxd1+ 12. Rxd1 exf3 13. gxf3 bxc6 14. Be2 Be6 15. O-O Bxh3 16. Rfe1 Rad8 17. Bd4 0-1

[Event "GrandPrix_30.05"]
[Site "Chess.com"]
[Date "2020.05.30"]
[Round "8"]
[White "caspiwins"]
[Black "Olghita64"]
[Result "1-0"]
[WhiteElo "2255"]
[BlackElo "2071"]
[TimeControl "600+2"]
[EndTime "11:44:07 PDT"]
[Termination "caspiwins won by resignation"]

1. e4 c6 2. d4 d5 3. e5 Bf5 4. h4 h5 5. Bd3 Bxd3 6. Qxd3 e6 7. Bg5 Be7 8. Nf3 Nh6 9. Bxh6 Rxh6 10. c4 Rh8 11.
Nc3 g6 12. g3 Kf8 13. O-O Kg7 14. c5 b6 15. b4 a5 16. a3 b5 17. Ne2 Na6 18.
Rab1 Nc7 19. Rb3 axb4 20. axb4 Ra4 21. Nf4 Qd7 22. Kg2 Rha8 23. Re1 Ra1 24. Re3 R8a2 25.
Nh3 Qd8 26. Nfg5 Ra7 27. Rf3 Bxg5 28. Nxg5 Ne8 29. Rxf7+ 1-0

[Event "GrandPrix_30.05"]
[Site "Chess.com"]
[Date "2020.05.30"]
[Round "8"]
[White "woodhy"]
[Black "Gurvich_Vitaly"]
[Result "0-1"]
[WhiteElo "2148"]
[BlackElo "2265"]
[TimeControl "600+2"]
[EndTime "11:44:07 PDT"]
[Termination "Gurvich_Vitaly won by resignation"]

1. e4 c5 2. Nf3 Nc6 3. d4 cxd4 4. Nxd4 e5 5. Nb5 d6 6. c4 Be7 7. N1c3 a6 8. Na3 f5 9. Bd3 f4 10. g3 Nh6 11. gxf4 exf4 12. Bxf4 O-O 13. Bxh6 gxh6 14.
Nc2 Bh4 15. Rg1+ Kh8 16. Rg3 Qf6 17. Qd2 Bxg3 18. hxg3 Ne5 19. Be2 Qxf2+ 20. Kd1 Bg4 21.
Bxg4 Nxg4 22. Ne2 Qf1+ 23. Qe1 Nf2+ 24. Kc1 Nd3+ 0-1

[Event "GrandPrix_30.05"]
[Site "Chess.com"]
[Date "2020.05.30"]
[Round "8"]
[White "kotmizer"]
[Black "vagpat"]
[Result "1-0"]
[WhiteElo "2240"]
[BlackElo "2197"]
[TimeControl "600+2"]
[EndTime "11:44:21 PDT"]
[Termination "kotmizer won by resignation"]

1. c4 Nf6 2. Nc3 g6 3. g3 Bg7 4.
Bg2 O-O 5. e3 c5 6. Nge2 e6 7. O-O Nc6 8. Nf4 Ne8 9. Rb1 Nc7 10. a3 a5 11. b3 b6 12. Bb2 Bb7 13.
Na4 Bxb2 14. Rxb2 Ne8 15. d4 d6 16. d5 exd5 17. Nxd5 Ra6 18. Rd2 Ne7 19. Nf6+ Nxf6 20. Bxb7 Ra7 21. Rxd6 Qc7 22. Bg2 Nd7 23. Nc3 Nb8 24.
Nb5 Ra6 25. Nxc7 1-0

[Event "GrandPrix_30.05"]
[Site "Chess.com"]
[Date "2020.05.30"]
[Round "8"]
[White "fujiwara_hoga"]
[Black "Igor_Lysyj"]
[Result "0-1"]
[WhiteElo "2110"]
[BlackElo "2344"]
[TimeControl "600+2"]
[EndTime "11:45:07 PDT"]
[Termination "Igor_Lysyj won by resignation"]

1. d4 Nf6 2. c4 e6 3. Nc3 Bb4 4. e3 O-O 5. Bd3 d5 6. a3 Bxc3+ 7. bxc3 dxc4 8. Bxc4 c5 9. Nf3 Qc7 10. Ba2 b6 11. O-O Ba6 12. Re1 Nbd7 13. Bb2 e5 14. Rc1 e4 15. Nd2 Bd3 16. c4 cxd4 17. exd4 Rfe8 18.
Nf1 Bxf1 19. Rxf1 e3 20. fxe3 Rxe3 21. Rc3 Rxc3 22. Bxc3 h5 23. Qf3 Re8 24. a4 Qd6 25.
Bb1 Qa3 26. d5 Qc5+ 27. Kh1 Re3 28. Qf5 Rxc3 29. Qg5 0-1

[Event "GrandPrix_30.05"]
[Site "Chess.com"]
[Date "2020.05.30"]
[Round "8"]
[White "SpasKozhuharov"]
[Black "Iljin_Timofey"]
[Result "0-1"]
[WhiteElo "2153"]
[BlackElo "2262"]
[TimeControl "600+2"]
[EndTime "11:46:05 PDT"]
[Termination "Iljin_Timofey won by resignation"]

1. c4 e6 2. d4 d5 3. Nc3 Bb4 4. Nf3 Nf6 5. cxd5 exd5 6. Bg5 h6 7. Bxf6 Qxf6 8. Qb3 Qb6 9. e3 O-O 10. Be2 c6 11.
O-O Bd6 12. Qc2 Bg4 13. a3 a5 14. h3 Be6 15. Na4 Qc7 16. Nc5 Bc8 17. b4 b6 18. Nd3 Bf5 19. Qc3 Nd7 20. Rfc1 Rfc8 21. bxa5 Rxa5 22. Nb4 Qb7 23. Nxc6 Raa8 24. Bb5 Nf6 25.
Qb2 Bd7 26. Nce5 Rxc1+ 27. Rxc1 Bxa3 28. Qb1 Bxb5 29. Rc3 Be8 30. Nh4 Bf8 31. Nf5 Ne4 32. Rb3 Nd2 0-1

[Event "GrandPrix_30.05"]
[Site "Chess.com"]
[Date "2020.05.30"]
[Round "8"]
[White "Misterlose0"]
[Black "KJakubowski"]
[Result "1-0"]
[WhiteElo "2109"]
[BlackElo "2250"]
[TimeControl "600+2"]
[EndTime "11:46:29 PDT"]
[Termination "Misterlose0 won by resignation"]

1. e4 c5 2. d3 Nc6 3. g3 g6 4. Bg2 Bg7 5. f4 d6 6. Nf3 e5 7. O-O Nge7 8. Nc3 h6 9. f5 gxf5 10. Nh4 fxe4 11. dxe4 Nd4 12. Qh5 Be6 13. Nf5 Nexf5 14.
exf5 Bc4 15. f6 Bxf6 16. Bd5 Bxd5 17. Nxd5 Nxc2 18. Nxf6+ Kf8 19. Bxh6+ Ke7 20. Qf5 1-0

[Event "GrandPrix_30.05"]
[Site "Chess.com"]
[Date "2020.05.30"]
[Round "8"]
[White "Dolphin_2010"]
[Black "Sakkcapak"]
[Result "0-1"]
[WhiteElo "2036"]
[BlackElo "2134"]
[TimeControl "600+2"]
[EndTime "11:46:49 PDT"]
[Termination "Sakkcapak won by resignation"]

1. e4 e6 2. d4 d5 3. Nd2 c5 4. exd5 Qxd5 5. dxc5 Nf6 6. Ngf3 Qxc5 7. Bd3 Nbd7 8. Qe2 Be7 9. O-O O-O 10. Ne4 Nxe4 11. Qxe4 Nf6 12. Qh4 h6 13. Be3 Qa5 14.
Rfd1 Bd7 15. Bd4 Bc6 16. Ne5 Bb5 17. Bc3 Qb6 18. Bd4 Qa5 19. Bc3 Qa6 20. Bb4 Bxb4 21.
Qxb4 Bxd3 22. Nxd3 Rfd8 23. h3 b6 24. c4 Rac8 25.
Ne5 Qb7 26. Qa3 Qc7 27. Qe3 Rd6 28. Qa3 Rxd1+ 29. Rxd1 Qxe5 30. Qxa7 Qc7 31. Qa6 Rd8 32. Rxd8+ Qxd8 0-1

[Event "GrandPrix_30.05"]
[Site "Chess.com"]
[Date "2020.05.30"]
[Round "8"]
[White "Alex_Krayz"]
[Black "szachuspl"]
[Result "1-0"]
[WhiteElo "2228"]
[BlackElo "2315"]
[TimeControl "600+2"]
[EndTime "11:46:55 PDT"]
[Termination "Alex_Krayz won by resignation"]

1. e4 c5 2. Nf3 e6 3. c3 Nf6 4.
e5 Nd5 5. d4 cxd4 6. cxd4 d6 7.
Bc4 Nb6 8. Bd3 N8d7 9. Qe2 dxe5 10. dxe5 Nc5 11. Bc2 Be7 12. O-O O-O 13. Nc3 Bd7 14. b4 Nca4 15. Ne4 Bxb4 16. Qd3 g6 17. Nf6+ Kh8 18.
Ng5 Nd5 19. Ngxh7 Nxf6 20. Nxf6 Kg7 21. Bh6+ 1-0

[Event "GrandPrix_30.05"]
[Site "Chess.com"]
[Date "2020.05.30"]
[Round "8"]
[White "Petriashvili02"]
[Black "BogdanDeac"]
[Result "0-1"]
[WhiteElo "2332"]
[BlackElo "2551"]
[TimeControl "600+2"]
[EndTime "11:47:43 PDT"]
[Termination "BogdanDeac won by resignation"]

1. c4 e6 2. Nf3 d5 3. e3 g6 4. d4 Bg7 5. Nc3 Ne7 6. b3 dxc4 7.
Bxc4 c5 8. Bb2 cxd4 9. Nxd4 O-O 10.
O-O a6 11. a4 Nbc6 12. Ne4 Nxd4 13. Bxd4 Bxd4 14. Qxd4 Qxd4 15. exd4 Rd8 16. Rfd1 Kg7 17. Nc3 Nf5 18. d5 e5 19. Ne4 b6 20. Rac1 Bb7 21.
g4 Nd4 22. f4 Bxd5 23. Bxd5 Ne2+ 24. Kf2 Nxc1 25. fxe5 Na2 26. Rd2 Ra7 27. Nd6 Nb4 28. Bc4 Nc6 29. g5 Kf8 30. Ke3 Nxe5 31. Rd5 Nxc4+ 32.
bxc4 Rad7 0-1

[Event "GrandPrix_30.05"]
[Site "Chess.com"]
[Date "2020.05.30"]
[Round "8"]
[White "Grebnev_A"]
[Black "Shahinyan_ChessMood"]
[Result "0-1"]
[WhiteElo "2211"]
[BlackElo "2394"]
[TimeControl "600+2"]
[EndTime "11:47:43 PDT"]
[Termination "Shahinyan_ChessMood won by resignation"]

1. c4 e5 2. Nc3 Nc6 3. g3 g6 4.
Bg2 Bg7 5. e3 d6 6. Nge2 Be6 7.
d3 Qd7 8. O-O Bh3 9. Rb1 h5 10.
f3 Bxg2 11. Kxg2 Nge7 12. h3 Nd8 13. b4 Ne6 14. f4 exf4 15. gxf4 d5 16. cxd5 Nxd5 17.
Nxd5 Qxd5+ 18. e4 Qxa2 19. Be3 f5 20. Kh1 Rd8 21. exf5 gxf5 22. Ng3 h4 23. Nh5 Qd5+ 24. Kh2 Qxd3 25. Qxd3 Rxd3 26. Nxg7+ Nxg7 27. Bc5 Kf7 28. Rfe1 b6 29. Bg1 Nh5 30. Rb2 Rg8 31. Rc2 c5 32.
Re5 Rgg3 33. Rxf5+ Kg6 34. Rg5+ Rxg5 35. fxg5 Nf4 36. Bf2 cxb4 37. Rc4 Rxh3+ 38. Kg1 Nd3 0-1

[Event "GrandPrix_30.05"]
[Site "Chess.com"]
[Date "2020.05.30"]
[Round "8"]
[White "Yurovskykh_Alexander"]
[Black "Borisss85"]
[Result "0-1"]
[WhiteElo "2175"]
[BlackElo "2152"]
[TimeControl "600+2"]
[EndTime "11:47:49 PDT"]
[Termination "Borisss85 won by resignation"]

1. d4 Nf6 2. Nf3 g6 3. Bg5 Bg7 4. Nbd2 d5 5. e3 O-O 6. Be2 Nbd7 7. O-O Re8 8. h3 e5 9. c3 c6 10. Bh4 Qb6 11. Qb3 exd4 12. cxd4 c5 13. dxc5 Nxc5 14. Qxb6 axb6 15. Bb5 Bd7 16. Bxd7 Nfxd7 17. Nd4 Bxd4 18. exd4 Nd3 19. Nf3 Nxb2 20. Rfb1 Nc4 21. a4 f6 22.
Rb4 Ra5 23. Bg3 Rea8 24. Re1 Kf7 25. Rb5 Rxb5 26. axb5 Ra5 27. Rb1 Na3 28. Rc1 Nxb5 29. Rc8 Ra4 30. Rd8 Ke7 31. Rh8 Nxd4 32. Rxh7+ Ke6 33.
Nh4 g5 34. Ng6 Ne2+ 35. Kh2 Nxg3 36. Kxg3 b5 37. Re7+ Kd6 38. Re8 b4 39. Ne7 b3 40.
Nf5+ Kc7 41. Re1 Nc5 42. Ne3 Kd6 43. Rd1 d4 44. Nf5+ Ke5 45. Ne7 0-1

[Event "GrandPrix_30.05"]
[Site "Chess.com"]
[Date "2020.05.30"]
[Round "8"]
[White "chansen64"]
[Black "Bosiocic"]
[Result "0-1"]
[WhiteElo "2129"]
[BlackElo "2596"]
[TimeControl "600+2"]
[EndTime "11:48:03 PDT"]
[Termination "Bosiocic won by resignation"]

1. d4 d6 2. Nf3 Nf6 3. c4 g6 4. Nc3 Bf5 5. g3 Bg7 6. Bg2 c6 7. O-O O-O 8. Nh4 Be6 9. b3 d5 10.
cxd5 cxd5 11. Bb2 Nc6 12. Rc1 Qd7 13. Na4 b6 14. Nf3 Rac8 15. a3 Ne4 16. Ne5 Nxe5 17. dxe5 Bh3 18. Qd3 Bxg2 19. Kxg2 Nc5 20. Nxc5 bxc5 21.
Rfd1 d4 22. b4 Bxe5 23. bxc5 Qb7+ 24. c6 Qxb2 25. Rc5 Qb8 26. Rb1 Qd6 27. Qc4 Qf6 28. Rb7 Bd6 29. Ra5 Qe6 30. Qxe6 fxe6 31. Ra6 Rf5 32. f4 Rc5 0-1

[Event "GrandPrix_30.05"]
[Site "Chess.com"]
[Date "2020.05.30"]
[Round "8"]
[White "nikosgal"]
[Black "rusuvlad95"]
[Result "0-1"]
[WhiteElo "2260"]
[BlackElo "2147"]
[TimeControl "600+2"]
[EndTime "11:48:07 PDT"]
[Termination "rusuvlad95 won by resignation"]

1. d4 Nf6 2. c4 e5 3. dxe5 Ng4 4. Bf4 Nc6 5. Nf3 Bc5 6. e3 d6 7. exd6 Qf6 8. Qd2 Bb4 9. Nc3 cxd6 10. Rc1 Nge5 11. Be2 O-O 12. a3 Bxc3 13. Rxc3 Bg4 14. Nd4 Bxe2 15. Nxe2 h5 16. Ng3 h4 17. Ne4 Qg6 18.
f3 h3 19. O-O hxg2 20. Qxg2 Nxf3+ 21. Rxf3 Qxe4 22. Bxd6 Rfe8 23. c5 Re6 24. Rc1 Rg6 25. Rg3 Rxg3 26. Qxg3 Re8 27. Qf4 Qxe3+ 28. Qxe3 Rxe3 29.
b4 a6 30. Ra1 Rd3 31. Kf2 f6 32. Ke2 Rb3 33. Kd2 Kf7 34. Kc2 Nd4+ 35. Kd2 Rh3 36. Bg3 Nb3+ 37. Kc3 Nxa1 38. Kb2 g5 0-1

[Event "GrandPrix_30.05"]
[Site "Chess.com"]
[Date "2020.05.30"]
[Round "8"]
[White "gygygygygyggygygygy"]
[Black "arminmusovic"]
[Result "1-0"]
[WhiteElo "2105"]
[BlackElo "2274"]
[TimeControl "600+2"]
[EndTime "11:49:30 PDT"]
[Termination "gygygygygyggygygygy won by resignation"]

1. e4 c6 2. d3 d5 3. Nd2 g6 4.
Ngf3 Bg7 5. g3 e6 6. Bg2 Ne7 7. O-O O-O 8. Re1 Re8 9. e5 c5 10. Nf1 Nbc6 11. h4 Qc7 12. Bf4 b6 13. h5 Ba6 14.
N1h2 gxh5 15. Ng5 Ng6 16. Qxh5 h6 17. Ngf3 Nxf4 18. gxf4 f5 19. exf6 Bxf6 20. Qxh6 Qg7 21. Qh5 Bxb2 22. Ng5 Nd4 23. Rab1 Bc3 24. Re3 Bb7 25. Rg3 Nf5 26. Rg4 Nh6 27. Nxe6 Rxe6 28. Rxg7+ Bxg7 29. Bxd5 Bxd5 30. Qxd5 Re8 31. f5 Nxf5 32.
Qxf5 Rf6 33. Qd5+ Kh7 34. Qh5+ 1-0

[Event "GrandPrix_30.05"]
[Site "Chess.com"]
[Date "2020.05.30"]
[Round "8"]
[White "TheNextLevelFan"]
[Black "PlayChessSimple"]
[Result "0-1"]
[WhiteElo "2204"]
[BlackElo "2213"]
[TimeControl "600+2"]
[EndTime "11:49:48 PDT"]
[Termination "PlayChessSimple won by resignation"]

1. d4 e6 2. c4 f5 3. Nc3 Nf6 4.
Bg5 h6 5. Bxf6 Qxf6 6. Nf3 g6 7. Qd2 Bg7 8. e4 Nc6 9. e5 Qe7 10. c5 O-O 11. Bc4 b6 12. cxb6 axb6 13. O-O Bb7 14. Rfe1 Nb4 15. Be2 g5 16. Rec1 g4 17. Ne1 c5 18. Nb5 Nxa2 19. Rd1 Nb4 20. Nd6 Bd5 21. Nd3 Nxd3 22. Qxd3 cxd4 23. Rxa8 Rxa8 24. Qxd4 Qxd6 25. exd6 Bxd4 26. Rxd4 Ra1+ 27. Bf1 b5 0-1

[Event "GrandPrix_30.05"]
[Site "Chess.com"]
[Date "2020.05.30"]
[Round "8"]
[White "AlexVanGog"]
[Black "MaxVavulin"]
[Result "1-0"]
[WhiteElo "2488"]
[BlackElo "2273"]
[TimeControl "600+2"]
[EndTime "11:49:52 PDT"]
[Termination "AlexVanGog won by resignation"]

1. d4 Nf6 2. c4 e6 3. Nf3 b6 4.
g3 Ba6 5. Qb3 c5 6. d5 exd5 7.
cxd5 g6 8. Nc3 Bg7 9. e4 Bxf1 10.
Kxf1 d6 11. Kg2 O-O 12. a4 Na6 13. Bf4 Nh5 14. Bg5 Nf6 15. Rad1 Nc7 16. Rhe1 h6 17. Bf4 g5 18. Bxd6 Qxd6 19. e5 Qd8 20. exf6 Qxf6 21.
d6 Ne6 22. d7 g4 23. Ne5 Nd4 24. Qd5 h5 25. Nb5 Nc2 26. Re2 a6 27. Nc7 Rad8 28. Ne8 Rfxe8 29. dxe8=Q+ Rxe8 30. Nxg4 Rxe2 31. Nxf6+ Bxf6 32. Kf1 Re6 33. Qxh5 Kf8 34. Rd7 1-0

[Event "GrandPrix_30.05"]
[Site "Chess.com"]
[Date "2020.05.30"]
[Round "8"]
[White "ploky25"]
[Black "ValeriyGrinev"]
[Result "0-1"]
[WhiteElo "2188"]
[BlackElo "2159"]
[TimeControl "600+2"]
[EndTime "11:49:52 PDT"]
[Termination "ValeriyGrinev won by checkmate"]

1. d4 Nf6 2. c4 g6 3. Nc3 d5 4.
cxd5 Nxd5 5. Bd2 Bg7 6. e4 Nxc3 7. Bxc3 O-O 8. Qd2 Nc6 9. d5 Ne5 10. f4 Nd7 11. Bxg7 Kxg7 12. Qc3+ Kg8 13. O-O-O Nf6 14. Bd3 c6 15. dxc6 bxc6 16. Nf3 Bg4 17. Bc2 Qb6 18. Rd2 Bxf3 19. Qxf3 Rfd8 20. Qf2 Rxd2 21.
Qxd2 Rd8 22. Qe2 Rd4 23. g4 Qc5 24. Kb1 e5 25. Rf1 exf4 26. Rxf4 Nd7 27. Bb3 Ne5 28.
Qf2 Nd3 29. Rxf7 Qc1# 0-1

[Event "GrandPrix_30.05"]
[Site "Chess.com"]
[Date "2020.05.30"]
[Round "8"]
[White "WhiteCapital80"]
[Black "DenLaz"]
[Result "1/2-1/2"]
[WhiteElo "2448"]
[BlackElo "2562"]
[TimeControl "600+2"]
[EndTime "11:50:06 PDT"]
[Termination "Game drawn by agreement"]

1. e4 e5 2. Nf3 Nc6 3. Bb5 a6 4. Ba4 Nf6 5. d4 exd4 6. O-O Be7 7. e5 Ne4 8. Nxd4 O-O 9. Nf5 d5 10. Nxe7+ Nxe7 11. c3 Bf5 12. Bc2 Nc5 13. Re1 Qd7 14.
Be3 Ne6 15. Nd2 Rad8 16. Nf3 c5 17. Bg5 Bxc2 18. Qxc2 h6 19. Bxe7 Qxe7 20. Rad1 d4 21. Qf5 dxc3 22. bxc3 Rxd1 23. Rxd1 Rd8 24. Qc2 b5 25. h3 Rd7 26. Kh2 Qd8 27. Rxd7 Qxd7 28. Qe4 Qc8 29. Nh4 Qd8 30. Nf5 Qd2 31. Qa8+ Kh7 32.
Ne7 Qf4+ 33. Kg1 1/2-1/2

[Event "GrandPrix_30.05"]
[Site "Chess.com"]
[Date "2020.05.30"]
[Round "8"]
[White "Sergey_Krivenko"]
[Black "iceboy88"]
[Result "1-0"]
[WhiteElo "2103"]
[BlackElo "2187"]
[TimeControl "600+2"]
[EndTime "11:50:10 PDT"]
[Termination "Sergey_Krivenko won by resignation"]

1. d4 Nf6 2. Nf3 c5 3. c3 e6 4. Bf4 d5 5. e3 Bd6 6. Bxd6 Qxd6 7. Ne5 Nc6 8. f4 O-O 9. Bd3 Ne4 10. Nd2 Nxd2 11.
Qxd2 f6 12. Nxc6 bxc6 13. O-O Bd7 14. Rf2 e5 15. dxe5 fxe5 16. Raf1 h6 17. fxe5 Qxe5 18.
Rxf8+ Rxf8 19. Bh7+ Kxh7 20. Rxf8 Bf5 21. Qf2 Bb1 22. Qf4 Qh5 23. h3 Qd1+ 24. Kh2 Be4 25. Rf7 Qd2 26. Qg3 Bg6 27. Rxa7 Qxb2 28. Qe5 1-0

[Event "GrandPrix_30.05"]
[Site "Chess.com"]
[Date "2020.05.30"]
[Round "8"]
[White "FCLitras"]
[Black "Evgeny81"]
[Result "0-1"]
[WhiteElo "2215"]
[BlackElo "2427"]
[TimeControl "600+2"]
[EndTime "11:50:24 PDT"]
[Termination "Evgeny81 won by resignation"]

1. d4 Nf6 2. c4 e6 3. g3 Bb4+ 4. Bd2 Qe7 5. Nf3 Bxd2+ 6. Qxd2 Nc6 7. Nc3 d5 8. Bg2 dxc4 9. Ne5 Nxe5 10. dxe5 Nd7 11.
Qd4 O-O 12. O-O Qb4 13. Rab1 Qb6 14. Qf4 Qc5 15. Rfd1 Qxe5 16. Qxc4 Nb6 17. Qd3 Rb8 18. Rbc1 Bd7 19. Ne4 Bc6 20. b3 h6 21. Rc5 Bxe4 22.
Rxe5 Bxd3 23. Rxd3 c6 24. a4 Rfd8 25. a5 Rxd3 26.
exd3 Nd5 27. f4 g6 28. Re4 Rd8 29. Rc4 a6 30. Kf2 Kf8 31. Bf3 Ke7 32. Ke2 h5 33. Rc1 Nc7 34. Ke3 Nb5 35. h3 Nd4 36. Be4 Nxb3 37. Rb1 Nxa5 38. g4 hxg4 39. hxg4 Kd6 40.
f5 gxf5 41. gxf5 exf5 42. Bxf5 Kc7 43. Be4 b5 44. Rf1 Rd7 45. Rf6 Kb6 46. d4 Nc4+ 47.
Kd3 Rd6 48. Rf5 f6 49. Kc3 Ne3 50. Rf3 Nd5+ 51. Kb3 a5 52. Rh3 a4+ 53. Kc2 Nf4 54. Rf3 Ne2 0-1

[Event "GrandPrix_30.05"]
[Site "Chess.com"]
[Date "2020.05.30"]
[Round "8"]
[White "AliKa2810"]
[Black "eristeski7"]
[Result "0-1"]
[WhiteElo "2051"]
[BlackElo "2139"]
[TimeControl "600+2"]
[EndTime "11:50:29 PDT"]
[Termination "eristeski7 won by resignation"]

1. d4 Nf6 2. c4 g6 3. Nc3 Bg7 4. e4 d6 5. h3 O-O 6. Be3 e5 7.
d5 Na6 8. g4 Nc5 9. f3 c6 10.
Nge2 cxd5 11. cxd5 a5 12. Qd2 a4 13. Ng3 Bd7 14. h4 Qa5 15. h5 b5 16. h6 Bh8 17.
Nf5 Bxf5 18. gxf5 b4 19. Nd1 Nfxe4 20. fxe4 Nxe4 21. Qg2 b3+ 22. Ke2 Qb5+ 23. Ke1 Qa5+ 24. Ke2 Qxd5 25. Nf2 Qb5+ 26. Kf3 Qc6 27. Nxe4 d5 28.
Bd3 Rab8 29. Rhc1 Qd7 30. Nc5 e4+ 31. Nxe4 Qxf5+ 32. Ke2 dxe4 33. Bxe4 Qh5+ 34. Ke1 a3 35. Rc5 axb2 36. Rd1 Qxd1+ 37. Kxd1 bxa2 0-1

[Event "GrandPrix_30.05"]
[Site "Chess.com"]
[Date "2020.05.30"]
[Round "8"]
[White "StephenDedalus83"]
[Black "cantdefyme"]
[Result "1-0"]
[WhiteElo "2049"]
[BlackElo "1886"]
[TimeControl "600+2"]
[EndTime "11:50:30 PDT"]
[Termination "StephenDedalus83 won on time"]

1. e4 c5 2. Nf3 d6 3. d4 cxd4 4. Nxd4 Nf6 5. Nc3 a6 6. Be3 e5 7.
Nb3 Be6 8. f3 Nbd7 9. g4 b5 10.
g5 b4 11. Ne2 Nh5 12. Qd2 a5 13.
Ng3 a4 14. Nxh5 axb3 15. cxb3 Bxb3 16. Bb5 Rxa2 17. Rxa2 Bxa2 18. Qxb4 Be6 19. O-O d5 20. Qa4 d4 21. Bd2 h6 22. gxh6 gxh6 23. Rc1 Rg8+ 24. Ng3 Bd6 25. Rc6 Bc7 26. Bb4 h5 27. Kf2 h4 28. Nf1 Bh3 29. Bd6 Rg2+ 30. Ke1 Qg5 31. Rxc7 1-0

[Event "GrandPrix_30.05"]
[Site "Chess.com"]
[Date "2020.05.30"]
[Round "8"]
[White "BakaPG"]
[Black "payto1"]
[Result "1/2-1/2"]
[WhiteElo "2255"]
[BlackElo "2183"]
[TimeControl "600+2"]
[EndTime "11:50:37 PDT"]
[Termination "Game drawn by agreement"]

1. e4 Nc6 2. Nf3 d6 3. d4 Nf6 4.
d5 Nb8 5. Nc3 g6 6. h3 Bg7 7.
Be2 O-O 8. O-O e5 9. dxe6 Bxe6 10. Nd4 Bd7 11. Bg5 h6 12. Bh4 Nc6 13. Nxc6 Bxc6 14.
Bd3 Qd7 15. f4 Rfe8 16. Qf3 Nxe4 17. Nxe4 f5 18. Rae1 Kh7 19. g4 fxe4 20. Bxe4 Bxe4 21. Rxe4 Qc6 22. Rxe8 Rxe8 23. c3 Qxf3 24. Rxf3 Kg8 25. Kf1 Kf7 26. b3 d5 27. a4 c6 28. Bf2 a6 29. f5 g5 30. c4 d4 31. f6 Bxf6 32. Bxd4 Re6 33. b4 1/2-1/2

[Event "GrandPrix_30.05"]
[Site "Chess.com"]
[Date "2020.05.30"]
[Round "8"]
[White "Thor736"]
[Black "Cocolino12"]
[Result "0-1"]
[WhiteElo "2089"]
[BlackElo "2219"]
[TimeControl "600+2"]
[EndTime "11:50:49 PDT"]
[Termination "Cocolino12 won by resignation"]

1. e4 e5 2. Nf3 Nc6 3. Bb5 a6 4. Ba4 Nf6 5. O-O Nxe4 6. d4 exd4 7. Re1 d5 8. c4 Bb4 9. cxd5 Bxe1 10. Qxe1 Qxd5 11.
Bb3 Qc5 12. Qxe4+ Be6 13. Bf4 O-O-O 14. Bxe6+ fxe6 15. Nbd2 Qf5 16. Re1 Rhf8 17. Bg5 Rd5 18. Qxe6+ Qxe6 19. Rxe6 h6 20. Bh4 d3 21. g4 g5 22. Bg3 Rxf3 23. Nxf3 d2 24. Nxd2 Rxd2 25.
Rxh6 Rxb2 26. Rh7 Nd4 27. Kg2 Ne6 28. a4 Rc2 29. Rf7 b5 30. axb5 axb5 31. h4 gxh4 32.
Bxh4 b4 33. Bf6 c5 34. g5 b3 35. g6 Nf4+ 36. Kf3 Nxg6 37. Ke4 Rxf2 0-1

[Event "GrandPrix_30.05"]
[Site "Chess.com"]
[Date "2020.05.30"]
[Round "8"]
[White "francyIM"]
[Black "levvard"]
[Result "0-1"]
[WhiteElo "2461"]
[BlackElo "2093"]
[TimeControl "600+2"]
[EndTime "11:50:56 PDT"]
[Termination "levvard won by resignation"]

1. d4 e6 2. c4 d6 3. Nf3 Be7 4.
g3 Nf6 5. Bg2 O-O 6. O-O c5 7.
Nc3 cxd4 8. Nxd4 Na6 9. b3 Nc5 10. Bb2 Bd7 11. Qd2 Qb6 12. Rfd1 Rad8 13. Rab1 Rfe8 14.
Ba1 d5 15. cxd5 exd5 16. Rbc1 Ne6 17. Nf5 Bb4 18. Qb2 Bc6 19. a3 Bc5 20. e3 d4 21.
exd4 Nxd4 22. Nxd4 Bxd4 23. Bxc6 bxc6 24. Qc2 Ng4 25.
Rd2 Re6 26. Na4 Bxf2+ 27. Rxf2 Qe3 28. Nc5 Nxf2 29. Nxe6 Ng4+ 30. Kh1 Rd2 0-1

[Event "GrandPrix_30.05"]
[Site "Chess.com"]
[Date "2020.05.30"]
[Round "8"]
[White "grzechu96"]
[Black "DenisQ"]
[Result "1/2-1/2"]
[WhiteElo "2394"]
[BlackElo "2266"]
[TimeControl "600+2"]
[EndTime "11:51:04 PDT"]
[Termination "Game drawn by agreement"]

1. e4 c6 2. d4 d5 3. Nc3 dxe4 4.
Nxe4 Bf5 5. Qf3 e6 6. Ne2 Nd7 7. N2g3 Bg6 8. h4 h6 9. Bd3 Ngf6 10. Nxf6+ Qxf6 11. Qxf6 gxf6 12. Bxg6 fxg6 13. h5 g5 14. Bd2 f5 15. O-O-O Bd6 16. Ne2 Kf7 17. c4 Nf6 18. Nc3 Rad8 19. f3 g4 20. Ne2 Rdg8 21.
Bf4 Be7 22. Rh2 Rh7 23. Kc2 Rhg7 24. Bxh6 Rh7 25. Bf4 Rxh5 26. Rdh1 gxf3 27. gxf3 Rgh8 28. Rxh5 Rxh5 29. Rxh5 Nxh5 30. Be5 Nf6 31. Kc3 Nd7 1/2-1/2

[Event "GrandPrix_30.05"]
[Site "Chess.com"]
[Date "2020.05.30"]
[Round "8"]
[White "BMOchsner"]
[Black "Karateloru"]
[Result "0-1"]
[WhiteElo "2251"]
[BlackElo "2221"]
[TimeControl "600+2"]
[EndTime "11:51:11 PDT"]
[Termination "Karateloru won on time"]

1. e4 c5 2. Nf3 e6 3. c3 Nf6 4. e5 Nd5 5. Bc4 Nb6 6. Bb3 Nc6 7.
O-O c4 8. Bc2 d6 9. exd6 Bxd6 10.
Qe2 e5 11. b3 cxb3 12. axb3 O-O 13. b4 a6 14. h3 Be6 15. d3 h6 16. Nbd2 Rc8 17. Ne4 Re8 18. Be3 Nd5 19. Nxd6 Qxd6 20. Bc5 Qc7 21. d4 b6 22. Qd3 f5 23. Bxb6 Nxb6 24.
Rxa6 e4 25. Qd1 Bc4 26. Bb3 exf3 27. Rxb6 Qxb6 28. Bxc4+ Kh8 29. Bd3 fxg2 30. Kxg2 Ne7 31. Qd2 Qc6+ 0-1

[Event "GrandPrix_30.05"]
[Site "Chess.com"]
[Date "2020.05.30"]
[Round "8"]
[White "Matibar"]
[Black "mishanick"]
[Result "0-1"]
[WhiteElo "2590"]
[BlackElo "2894"]
[TimeControl "600+2"]
[EndTime "11:51:40 PDT"]
[Termination "mishanick won by resignation"]

1. e4 c5 2. Nf3 d6 3. Bb5+ Nd7 4. Ba4 Nf6 5. O-O a6 6. c4 e5 7.
Nc3 g6 8. a3 Bg7 9. b4 O-O 10.
d3 b6 11. Bc6 Rb8 12. Rb1 Qc7 13. Nd5 Nxd5 14. exd5 Nf6 15. bxc5 bxc5 16. Rxb8 Qxb8 17.
Bg5 Qb2 18. Bc1 Qb6 19. Qa4 Bf5 20. Qc2 Rb8 21. Nd2 h5 22. Ne4 Bxe4 23. dxe4 Qb3 24. Qe2 Kh7 25. g3 Qc3 26. Ba4 Bh6 27. Qc2 Qd4 28. Rd1 Qxe4 29. Qxe4 Nxe4 30. Bxh6 Nc3 31. Rd3 Nxa4 32. Bg5 f5 33. Be7 Rb6 34. h3 Kg7 35. g4 Kf7 36. Bd8 Rb7 37. gxf5 gxf5 38. Rg3 Rd7 39. Ba5 Nb2 40. Rc3 Rb7 41. Kf1 f4 42. f3 Kg6 43. Ke2 Kf5 44. Kd2 Na4 45. Rd3 e4 46. fxe4+ Kxe4 0-1